 Dungeon Crawl Stone Soup version 0.23-a0-141-g456867d (webtiles) character file.

450 Amnesiac the Bolt Thrower (level 6, -2/43 HPs)
             Began as a Mummy Arcane Marksman on Aug 31, 2018.
             Slain by a bullfrog (4 damage)
             ... in a sewer.
             The game lasted 00:09:35 (3771 turns).

Amnesiac the Bolt Thrower (Mummy Arcane Marksman)   Turns: 3771, Time: 00:09:36

Health: -2/43      AC:  5    Str: 14    XL:     6   Next: 74%
Magic:  18/21      EV:  9    Int: 14    God:
Gold:   123        SH:  0    Dex: 12    Spells: 6/13 levels left

rFire    x . .     SeeInvis .   p - +1 mace (distort)
rCold    + + .     Gourm    .   (no shield)
rNeg     + + +     Faith    .   c - +0 robe (curse)
rPois    ∞         Spirit   .   (no helmet)
rElec    .         Reflect  .   n - +0 cloak
rCorr    .         Harm     .   x - +0 pair of gloves
MR       .....                  h - +0 pair of boots
Stlth    +.........             (no amulet)
HPRegen  0.14/turn              s - ring of protection from cold
MPRegen  0.17/turn              k - ring of magical power

@: very slightly contaminated, constricted, very slow
A: no food or potions, fire vulnerability, cold resistance 1, negative energy
resistance 3, torment resistance, unbreathing
a: no special abilities


You were in a sewer.
You were not hungry.

You visited 1 branch of the dungeon, and saw 5 of its levels.
You also visited: Sewer.

You collected 123 gold pieces.

Inventory:

Hand Weapons
 a - a +1 hand crossbow
 b - a +0 hunting sling
 l - a +1 whip of pain
 o - a +4 quarterstaff of chaos
 p - a +1 mace of distortion (weapon)
 t - a +1 short sword of speed
 v - a +0 flail of protection
Missiles
 i - 9 bolts
 m - 147 stones (quivered)
 u - 27 sling bullets
Armour
 c - a cursed +0 robe (worn)
 h - a +0 pair of boots (worn)
 n - a +0 cloak (worn)
 x - a +0 pair of gloves (worn)
Jewellery
 f - an uncursed ring of teleportation
 k - a ring of magical power (right hand)
 s - a ring of protection from cold (left hand)
Scrolls
 d - 4 scrolls of enchant weapon {!r}
 e - a scroll of enchant armour {!r, unknown}
 g - 5 scrolls of teleportation {!r}
 j - a scroll of amnesia {!r}
 q - a scroll of remove curse {!r}
 r - a scroll of identify {!r}
 w - a scroll of noise {!r, unknown}
 y - 2 scrolls of fog {!r}
 z - 2 scrolls of magic mapping {!r}


   Skills:
 - Level 1.0 Fighting
 * Level 4.4 Crossbows
 - Level 1.5 Dodging
 + Level 4.3 Spellcasting
 + Level 4.1 Hexes


You had 6 spell levels left.
You knew the following spells:

 Your Spells              Type           Power        Failure   Level  Hunger
a - Corona                Hex            ##.....      3%          1    N/A
b - Cause Fear            Hex            ##........   34%         4    N/A
e - Slow                  Hex            ##......     5%          2    N/A

Your spell library contained the following spells:

 Spells                   Type           Power        Failure   Level  Hunger
 Inner Flame              Hex/Fire       #.......     24%         3    N/A
 Portal Projectile        Hex/Tloc       #.....       24%         3    N/A
 Leda's Liquefaction      Hex/Erth       #.........   63%         4    N/A

Dungeon Overview and Level Annotations

Branches:
Dungeon (5/15)
 Temple: D:4-7

Altars:
Trog


Innate Abilities, Weirdness & Mutations

You do not eat or drink.
Your flesh is vulnerable to fire.
You are immune to poison.
Your flesh is cold resistant. (rC+)
You are immune to negative energy. (rN+++)
You are immune to unholy pain and torment.
You can survive without breathing.


Message History

Okay, then.
Casting: Corona (safe; 3% risk of failure)
Confirm with . or Enter, or press ? or * to list all spells.
Okay, then.
Casting: Corona (safe; 3% risk of failure)
Confirm with . or Enter, or press ? or * to list all spells.
You miscast Cause Fear.
You are very lightly contaminated with residual magic.
You are confused.
The adder hisses angrily.
The bullfrog closely misses you. The ball python barely misses you.
The ball python bites you but does no damage.
The ball python constricts you. The ball python bites you.
The ball python bites you but does no damage.
The bullfrog barely misses you.
Unknown command.
You escape the ball python's grasp.
You enter the shallow water.
Moving in this stuff is going to be slow.
The ball python bites you but does no damage.
The ball python grabs you. The ball python constricts you.
The ball python barely misses you.
The ball python bites you but does no damage.
The bullfrog barely misses you.
The ball python bites you but does no damage.
The ball python constricts you. The ball python bites you.
The ball python bites you but does no damage.
You bump into the stone wall.
The bullfrog barely misses you. The ball python loses its grip on you.
The ball python barely misses you. The ball python closely misses you.
The bullfrog closely misses you.
You miss the ball python.
The ball python is moderately wounded.
The ball python bites you but does no damage.
The ball python closely misses you. The bullfrog misses you.
The ball python bites you. The ball python grabs you.
The ball python constricts you.
The ball python bites you but does no damage.
The adder bites you. The bullfrog hits you!
* * * LOW HITPOINT WARNING * * *
The ball python bites you.
* * * LOW HITPOINT WARNING * * *
The ball python constricts you.
You miss the adder. The bullfrog hits you.
* * * LOW HITPOINT WARNING * * *
The ball python bites you.
* * * LOW HITPOINT WARNING * * *
The adder bites you.
* * * LOW HITPOINT WARNING * * *
The adder bites you.
* * * LOW HITPOINT WARNING * * *
The ball python bites you but does no damage.
The ball python constricts you. The bullfrog barely misses you.
The ball python bites you but does no damage.
The adder barely misses you. The adder bites you but does no damage.
Your unstable footing causes you to fumble your attack.
You feel less confused. The bullfrog hits you.
* * * LOW HITPOINT WARNING * * *
The ball python bites you but does no damage.
* * * LOW HITPOINT WARNING * * *
The ball python constricts you. The adder bites you.
* * * LOW HITPOINT WARNING * * *
The adder bites you but does no damage. The ball python closely misses you.
The bullfrog hits you.
You die...

###################
###..≈≈≈≈≈S@FS≈≈≈≈≈≈#.
##....≈≈≈≈≈SSS.≈≈≈≈≈≈≈.
#....≈≈≈≈≈≈≈SS≈#≈≈≈≈≈≈.
#.....≈≈≈≈≈≈≈≈≈≈≈≈≈≈#..
##.....≈≈≈≈≈≈≈≈≈≈≈≈≈≈≈≈S
#......≈≈≈≈≈≈≈≈≈≈≈≈≈≈≈#.
#....##################
##...#### #....#!!#


You could see a bullfrog, 2 adders and 5 ball pythons.

Vanquished Creatures
  A phantom (D:4)
  A hound (D:5)
  A gnoll shaman (D:3)
  Crazy Yiuf (D:2)
  An orc wizard (D:3)
  8 adders
  4 gnolls (D:3)
  3 river rats (Sewer)
  A worm (D:2)
  3 dart slugs
  2 leopard geckos
  5 orcs (D:3)
  7 bats
  4 giant cockroaches
  5 goblins
  6 hobgoblins
  3 jackals
  A quokka (D:2)
  9 ball pythons (Sewer)
  3 frilled lizards
  12 kobolds
  27 rats
108 creatures vanquished.

Vanquished Creatures (others)
  An adder (D:4)
  A rat (Sewer)
2 creatures vanquished.

Grand Total: 110 creatures vanquished

Notes
Turn   | Place    | Note
-------+----------+-------------------------------------------
     0 | D:1      | Amnesiac the Mummy Arcane Marksman began the quest for the
                  | Orb.
     0 | D:1      | Reached XP level 1. HP: 15/15 MP: 2/2
   188 | D:1      | Reached XP level 2. HP: 21/21 MP: 4/4
  1029 | D:2      | Reached XP level 3. HP: 26/26 MP: 4/6
  1417 | D:2      | Learned a level 2 spell: Slow
  1637 | D:2      | Reached XP level 4. HP: 21/32 MP: 5/7
  1646 | D:2      | Learned a level 4 spell: Cause Fear
  1738 | D:2      | Found a bloodstained altar of Trog.
  2273 | D:2      | Found a runed door.
  2278 | D:2      | Noticed Crazy Yiuf
  2300 | D:2      | Killed Crazy Yiuf
  2505 | D:3      | Reached XP level 5. HP: 30/37 MP: 9/9
  2624 | D:3      | You fall through a shaft for 2 floors!
  2624 | D:5      | Entered Level 5 of the Dungeon
  3075 | D:4      | Noticed a phantom
  3086 | D:4      | Killed a phantom
  3086 | D:4      | Reached XP level 6. HP: 40/43 MP: 12/12
  3180 | D:4      | Found a glowing drain.
  3206 | Sewer    | Entered a sewer
  3771 | Sewer    | HP: 2/43 [adder (1)]
  3771 | Sewer    | Slain by a bullfrog

Vault maps used:
D:1:      minmay_arrival_solitary_statue, minmay_octomino_j4
D:2:      nicolae_overflow_hidden_temple, kennysheep_boxes, uniq_sigmund,
          uniq_crazy_yiuf_cottage
D:4:      gammafunk_wand_slinger, temple_statues, gup_sewer_entry_glass
D:5:      first_ration, minivault_11
Sewer:    sewer_minmay_w

Skill      XL: |  1  2  3  4  5 |
---------------+----------------+-----
Crossbows      | 2 3 4 |  4.4
Spellcasting   | 2 3 4 |  4.3
Hexes          | 3 4 |  4.1
Fighting       | |  1.0
Dodging        | |  1.5

Action                   |  1- 3 |  4- 6 || total
-------------------------+-------+-------++-------
Melee: Whip              |    26 |    32 ||    58
       Mace              |       |   124 ||   124
 Fire: Hand crossbow     |    81 |     3 ||    84
       Hunting sling     |       |     1 ||     1
 Cast: Corona            |    22 |    56 ||    78
       Slow              |       |     7 ||     7
  Use: Scroll            |     7 |     1 ||     8
Armor: Robe              |    30 |    69 ||    99
Dodge: Dodged            |    69 |   138 ||   207

Table legend:
 A = Non-vault XP
 B = Vault XP
 C = Vault XP percentage of total XP
 D = Non-vault monster count
 E = Vault monster count
 F = Vault count percentage of total count
                 A         B        C        D         E       F
            +---------+---------+-------+---------+---------+-------
      Total |     467 |     177 |  27.5 |      65 |      45 |  40.9
            +---------+---------+-------+---------+---------+-------
        D:1 |      37 |       5 |  11.9 |      21 |       3 |  12.5
        D:2 |     100 |      40 |  28.6 |      29 |       1 |   3.3
        D:3 |     151 |       0 |   0.0 |      12 |       0 |   0.0
        D:4 |     136 |      17 |  11.1 |       2 |       3 |  60.0
        D:5 |      43 |       0 |   0.0 |       1 |       0 |   0.0
      Sewer |       0 |     115 | 100.0 |       0 |      38 | 100.0
            +---------+---------+-------+---------+---------+-------
